Map: Abyssal Reef LE

Players

TRUE - Winner!

  • Race: Zerg Zerg
  • Spawn Location: 5:00

Cham

  • Race: Zerg Zerg
  • Spawn Location: 11:00

Event: WCS Austin 2017

VOD

Have the link to the VOD?

Description

Time

  • Played on: April 29, 2017, 8:12 p.m.
  • Length: 13:36

All games in this series

Show
View Real Time Build Order
Export as new Build Order

TRUE Zerg - Winner!

Build Orders: Pool First 

Get SALT Encoding   

  12  0:00  Drone  
  13  0:13  Extractor  
  12  0:24  Spawning Pool  
  11  0:29  Drone  
  11  0:33  Drone  
  13  0:38  Drone  
  14  0:50  Overlord  
  14  1:11  Zergling x4  
  16  1:13  Metabolic Boost  
  16  1:14  Zergling x2  
  17  1:23  Zergling x2  
  18  1:33  Baneling Nest  
  18  1:34  Zergling x2  
  18  1:44  Zergling x2  
  19  1:55  Zergling x2  
  20  2:06  Zergling x2  
  21  2:16  Hatchery  
  21  2:18  Baneling  
  21  2:21  Baneling  
  20  2:28  Baneling x2  
  20  2:33  Zergling x2  
  21  2:50  Drone x2  
  21  2:57  Drone  
  20  3:01  Drone  
  21  3:14  Overlord  
  21  3:19  Baneling  
  20  3:20  Baneling  
  20  3:24  Drone  
  21  3:27  Queen  
  21  3:29  Drone  
  24  3:38  Drone  
  24  3:41  Drone  
  26  3:44  Drone  
  27  3:48  Queen  
  27  3:51  Drone  
  27  3:54  Drone  
  31  4:01  Drone  
  32  4:05  Drone  
  32  4:11  Drone  
  32  4:16  Drone  
  34  4:22  Drone  
  34  4:25  Hatchery  
  34  4:27  Drone  
  34  4:32  Drone  
  34  4:42  Overlord  
  34  4:46  Zergling x2, Overlord  
  35  4:53  Evolution Chamber  
  35  4:54  Drone  
  34  5:00  Queen  
  34  5:03  Drone, Zergling x2  
  34  5:04  Drone x4  
  42  5:15  Drone x4, Roach Warren  
  45  5:22  Lair  
  45  5:25  Zerg Missile Weapons Level 1  
  45  5:29  Drone x2  
  45  5:30  Drone  
  45  5:33  Drone  
  45  5:35  Drone  
  50  5:37  Drone  
  50  5:38  Drone  
  50  5:39  Drone  
  53  5:45  Overlord  
  53  5:47  Drone  
  53  5:48  Drone  
  54  5:50  Drone x2  
  54  5:55  Extractor  
  55  5:57  Extractor  
  55  5:59  Overlord  
  55  6:00  Drone x3  
  57  6:05  Roach x2  
  57  6:08  Unknown, Extractor  
  60  6:16  Roach  
  60  6:17  Roach  
  64  6:19  Overlord  
  64  6:24  Drone x2, Overlord  
  66  6:26  Glial Reconstitution  
  66  6:29  Overlord  
  66  6:30  Roach  
  66  6:32  Overlord  
  68  6:33  Roach, Overlord  
  68  6:39  Roach  
  72  6:43  Drone x6  
  72  6:44  Drone  
  72  6:45  Drone  
  72  6:46  Drone  
  80  6:53  Drone x3  
  83  6:55  Extractor  
  83  6:56  Extractor  
  81  7:03  Hatchery  
  81  7:05  Ravager x4  
  81  7:07  Overlord  
  84  7:09  Drone x4  
  84  7:10  Drone  
  89  7:16  Overlord  
  89  7:19  Zerg Missile Weapons Level 2  
  89  7:30  Infestation Pit  
  89  7:31  Drone  
  89  7:32  Drone  
  89  7:33  Overlord, Roach x3  
  89  7:34  Roach x2  
  100  7:38  Roach x3  
  106  7:45  Roach  
  106  7:46  Roach x3  
  106  7:47  Roach  
  106  7:50  Overseer  
  116  7:54  Overlord  
  116  7:57  Overlord  
  116  8:03  Roach  
  118  8:07  Overseer  
  118  8:11  Unknown  
  118  8:14  Infestor  
  118  8:15  Infestor  
  118  8:18  Roach x4  
  130  8:21  Roach  
  130  8:22  Roach  
  130  8:23  Roach  
  130  8:25  Overlord  
  130  8:26  Queen  
  138  8:27  Drone x5  
  138  8:30  Drone x5  
  138  8:32  Roach  
  150  8:42  Roach x4  
  158  8:50  Roach x4  
  166  8:58  Overlord, Hatchery  
  166  9:00  Overlord x2  
  166  9:01  Overlord  
  165  9:04  Overlord, Burrow  
  165  9:14  Roach  
  165  9:16  Roach x2  
  171  9:18  Roach  
  171  9:19  Roach x6  
  171  9:20  Roach  
  187  9:25  Unknown  
  187  9:27  Roach  
  187  9:29  Roach x3  
  187  9:31  Roach x2  
  199  9:32  Overlord  
  199  9:34  Overlord  
  199  9:36  Overlord  
  199  9:49  Overlord  
  199  9:58  Roach  
  199  10:05  Roach Warren  
  141  10:40  Unknown  
  132  10:46  Roach x2  
  132  10:47  Roach x2  
  137  10:51  Hatchery  
  131  10:57  Roach  
  131  10:58  Roach  
  123  11:06  Roach  
  115  11:15  Roach  
  103  11:25  Roach  
  75  11:33  Roach x18  
  75  11:36  Roach  
  69  11:49  Queen, Roach  
  71  11:58  Roach  
  73  12:02  Hatchery  
  73  12:06  Roach  
  76  12:08  Roach  
  76  12:09  Queen  
  78  12:19  Roach  
  80  12:23  Roach  
  80  12:27  Roach x18  
  84  12:30  Roach  
  84  12:33  Roach  
  86  12:41  Roach  
  88  12:52  Roach x3  
  88  12:57  Roach  
  96  12:58  Roach  
  96  12:59  Roach x2  
  96  13:04  Roach  
  104  13:08  Roach  
  106  13:14  Roach  
  104  13:34  Unknown  
Show
View Real Time Build Order
Export as new Build Order

Cham Zerg 

Build Orders: Hatch First 

Get SALT Encoding   

  12  0:00  Drone  
  13  0:08  Drone  
  14  0:17  Overlord  
  14  0:35  Drone  
  15  0:44  Hatchery  
  15  0:48  Drone  
  15  0:52  Drone  
  15  0:55  Drone  
  17  1:02  Extractor  
  16  1:13  Spawning Pool  
  16  1:16  Drone  
  16  1:19  Drone  
  16  1:22  Drone  
  18  1:33  Drone  
  19  2:00  Queen  
  21  2:02  Baneling Nest, Spine Crawler  
  21  2:06  Zergling x2  
  22  2:09  Zergling x2  
  22  2:12  Zergling x6  
  24  2:19  Overlord  
  24  2:23  Drone  
  24  2:28  Zergling x2  
  26  2:31  Zergling x2  
  27  2:37  Queen  
  29  2:45  Baneling x2  
  29  2:46  Baneling  
  29  2:48  Baneling  
  29  2:50  Zergling x2  
  25  3:01  Drone x2  
  25  3:05  Zergling x2  
  28  3:15  Zergling x2  
  27  3:25  Hatchery  
  26  3:27  Drone  
  26  3:31  Drone  
  26  3:33  Drone  
  29  3:42  Drone  
  29  3:47  Overlord  
  30  3:52  Overlord  
  30  4:00  Lair  
  30  4:05  Drone x2  
  30  4:08  Drone  
  33  4:17  Drone, Evolution Chamber  
  32  4:28  Drone  
  32  4:29  Drone x3  
  32  4:30  Extractor  
  35  4:34  Baneling  
  35  4:37  Drone  
  36  4:42  Drone  
  36  4:43  Zerg Missile Weapons Level 1  
  37  4:50  Drone  
  38  4:54  Roach Warren  
  36  5:03  Drone x2  
  36  5:04  Drone x2  
  36  5:05  Drone  
  41  5:13  Drone x2  
  43  5:15  Drone  
  43  5:16  Drone x2  
  46  5:32  Hatchery  
  46  5:34  Roach x2  
  49  5:40  Roach  
  49  5:42  Overlord  
  51  5:43  Extractor  
  51  5:46  Overlord  
  51  5:47  Overseer  
  50  5:51  Overlord  
  50  5:52  Drone  
  50  5:55  Overlord  
  51  5:59  Overlord  
  51  6:00  Drone  
  51  6:02  Drone  
  53  6:05  Drone x2  
  55  6:12  Drone  
  55  6:13  Drone  
  55  6:16  Infestation Pit  
  55  6:18  Drone x3  
  59  6:22  Extractor  
  59  6:23  Drone x2  
  59  6:25  Drone  
  61  6:28  Drone  
  61  6:30  Drone  
  63  6:34  Overlord  
  63  6:40  Drone  
  63  6:44  Queen, Extractor  
  63  6:45  Drone  
  66  6:48  Glial Reconstitution  
  66  6:50  Overlord  
  66  6:51  Zerg Missile Weapons Level 2  
  68  6:54  Roach  
  68  6:57  Drone x2  
  68  6:59  Overlord  
  70  7:04  Infestor x2  
  70  7:06  Ravager  
  70  7:07  Ravager  
  70  7:08  Roach  
  78  7:11  Roach  
  78  7:12  Drone  
  78  7:13  Drone  
  78  7:14  Drone  
  83  7:16  Drone  
  83  7:17  Drone  
  83  7:21  Extractor  
  83  7:22  Overlord  
  84  7:23  Roach  
  84  7:25  Drone  
  84  7:26  Drone  
  84  7:27  Drone  
  89  7:30  Drone  
  89  7:32  Overlord  
  89  7:34  Roach  
  89  7:35  Roach  
  94  7:44  Hatchery  
  94  7:45  Overlord  
  94  7:50  Overlord  
  93  7:52  Overlord  
  93  7:54  Roach  
  93  7:55  Roach  
  93  7:56  Ravager x4  
  103  7:58  Roach  
  103  8:03  Overlord  
  103  8:04  Roach x2  
  107  8:06  Roach  
  107  8:08  Roach  
  107  8:10  Roach  
  107  8:12  Roach  
  115  8:14  Roach  
  115  8:16  Roach  
  115  8:18  Roach  
  121  8:20  Roach  
  121  8:22  Overlord  
  121  8:23  Roach  
  129  8:27  Roach x2  
  129  8:28  Roach  
  129  8:30  Overseer  
  129  8:33  Overseer  
  133  8:34  Roach x2  
  133  8:39  Overlord x2  
  135  8:41  Roach  
  135  8:43  Roach  
  139  8:51  Overlord  
  139  8:53  Roach x2  
  143  8:57  Roach x2  
  143  8:59  Roach  
  143  9:02  Burrow  
  149  9:05  Roach x2  
  149  9:07  Overlord  
  149  9:09  Infestor  
  155  9:11  Infestor  
  155  9:13  Ravager  
  155  9:16  Roach x2  
  162  9:22  Roach x3  
  168  9:26  Roach x2  
  168  9:27  Roach  
  168  9:29  Roach  
  178  9:31  Roach  
  178  9:33  Roach  
  178  9:35  Roach  
  178  9:38  Roach x2  
  186  9:41  Roach  
  188  9:48  Roach x4  
  188  9:49  Roach  
  198  9:56  Roach  
  200  10:03  Roach x4  
  200  10:05  Roach x3  
  200  10:07  Roach x2  
  177  10:16  Roach x3  
  177  10:17  Roach x2  
  186  10:23  Zergling x6  
  171  10:32  Roach x2  
  161  10:39  Drone x15  
  161  10:41  Roach x2  
  149  10:46  Drone x18  
  133  11:00  Extractor  
  117  11:10  Extractor  
  60  11:40  Extractor  
  60  11:43  Roach x11  
  59  12:11  Hatchery  
  55  12:23  Roach x10  
Tags
 
Add a new tag
Caveats
  • Supply blocks, unpowered buildings, or Contaminate may cause inaccurate times.
  • Supply counts are checked every 10 seconds.